 Dungeon Crawl Stone Soup version 0.21.1-1-g345015f (webtiles) character file.

324 inc the Nimble (level 6, 28/28 HPs)
             Began as a Felid Monk on Mar 13, 2018.
             Was a Believer of Ru.
             Quit the game on level 6 of the Dungeon.
             The game lasted 00:09:27 (7422 turns).

inc the Nimble (Felid Monk)                         Turns: 7422, Time: 00:09:28

Health: 28/28      AC:  2    Str:  7    XL:     6   Next: 23%
Magic:  7/7        EV: 27    Int: 12    God:    Ru [**....]
Gold:   341        SH:  5    Dex: 20    Spells: 5/5 levels left
                                        Lives:  0   Deaths: 2

rFire    . . .     SeeInvis +     - Unarmed
rCold    . . .     Gourm    .   (shield unavailable)
rNeg     . . .     Faith    .   (armour unavailable)
rPois    +         Spirit   .   (helmet unavailable)
rElec    .         Reflect  +   (cloak unavailable)
rCorr    .         Harm     .   (gloves unavailable)
MR       .....                  (boots unavailable)
Stlth    +++.......             t - +5 amulet of reflection
HPRegen  0.09/turn              i - ring of poison resistance
MPRegen  0.10/turn              (no ring)

@: quick
A: very small, no armour, no weapons or thrown items, stealth, claws 1, fangs 3,
see invisible, carnivore, speed 1, shaggy fur 2, slow metabolism 1,
inexperienced 1, sharp paws
a: Renounce Religion


You were on level 6 of the Dungeon.
You worshipped Ru.
Ru was pleased with you.
You were not hungry.

You visited 2 branches of the dungeon, and saw 8 of its levels.

You collected 341 gold pieces.

Inventory:

Jewellery
 b - an uncursed ring of flight {unknown}
 i - a ring of poison resistance (left paw)
 p - a -3 ring of dexterity
 t - a +5 amulet of reflection (around neck)
 v - a +4 amulet of reflection
Wands
 u - a wand of polymorph (13)
Scrolls
 d - a scroll of noise {unknown}
 f - 5 scrolls of teleportation {unknown}
 h - a scroll of random uselessness {unknown}
 j - 4 scrolls of blinking
 k - 3 scrolls of enchant weapon
 l - 2 scrolls of identify
 s - a scroll of remove curse
 w - a scroll of amnesia {unknown}
 x - a scroll of fear {unknown}
 y - a scroll of enchant armour {unknown}
Potions
 c - a potion of ambrosia {unknown}
 e - a potion of lignification {unknown}
 g - a potion of haste
 m - a potion of mutation
 n - 2 potions of brilliance
 o - a potion of curing
 q - 2 potions of degeneration
 r - 2 potions of magic
 z - a potion of agility {unknown}
Comestibles
 a - 14 rations


   Skills:
 - Level 3.0 Fighting
 - Level 10.0 Dodging
 - Level 2.6 Stealth
 + Level 6.3 Unarmed Combat


You had 5 spell levels left.
You didn't know any spells.

Dungeon Overview and Level Annotations

Branches:
Dungeon (7/15)             Temple (1/1) D:4

Altars:
Ashenzari
Cheibriados
Dithmenos
Elyvilon
Fedhas
Gozag
Hepliaklqana
Makhleb
Nemelex Xobeh
Qazlal
Ru
Sif Muna
Trog
Uskayaw
Vehumet
Wu Jian
Xom
Zin
The Shining One

Annotations:
D:3 zhorgal's ghost, amateur FoFi
D:6 2 transporters


Innate Abilities, Weirdness & Mutations

You cannot wear armour.
You are incapable of wielding weapons or throwing items.
Your paws allow you to move quietly. (Stealth)
You have sharp claws.
You have razor-sharp teeth.
You have supernaturally acute eyesight. (SInv)
You are carnivorous and can eat meat at any time.
You cover ground quickly.
You are covered in thick fur. (AC +2)
You have a slow metabolism.
You are somewhat inexperienced. (-2 XL)
Your sharp claws are effective at attacking unaware monsters.


Message History

You see here a hand axe.
You are feeling hungry.
You see here 22 arrows.
There is a glowing golden altar of the Shining One here.
There is a stone staircase leading down here.
You climb downwards.
There is a stone staircase leading up here.
You start resting.
HP restored.
You can't go down here!
You climb upwards.
Level annotation: 2 transporters The ogre hits you with a giant club!!
Ouch! That really hurt!
* * * LOW HITPOINT WARNING * * *
The ogre hits you with a giant club!
You die...
You are now level 6!
You rejoin the land of the living...
Are you sure you want to abandon this character and quit the game? (Confirm with "yes".)

.#####...........#<....# #.##.#
.'...'.......#...#...#.###.##.###
.#####...........#..........#.#..
## #............)........##.#.. #
#........)......####..##.... ####
#........##[.............#.# ...#
########.#........#..###.#.# ####
######+#........#......#.# #
#........@......#.######.# #
#...............#........# #
#...............##########
########.............[.#
.......................#
...............#########
..........###### #######...# #
###...#


There were no monsters in sight!

Vanquished Creatures
  2 ice beasts (D:6)
  A sky beast (D:6)
  2 centaurs
  A quasit (D:7)
  3 hounds
  An iguana (D:4)
  3 worker ants
  A hound zombie (D:6)
  A worker ant zombie (D:6)
  A howler monkey skeleton (D:4)
  6 adders
  An ooze (D:2)
  4 worms
  2 dart slugs
  4 leopard geckos
  13 orcs
  A ball python (D:2)
  6 giant cockroaches
  7 goblins
  7 hobgoblins
  21 jackals
  4 quokkas
  9 bats
  6 frilled lizards
  8 kobolds
  A leopard gecko skeleton (D:4)
  A quokka zombie (D:6)
  10 rats
127 creatures vanquished.

Vanquished Creatures (others)
  A worker ant (D:5)
1 creature vanquished.

Grand Total: 128 creatures vanquished

Notes
Turn   | Place    | Note
-------+----------+-------------------------------------------
     0 | D:1      | inc the Felid Monk began the quest for the Orb.
     0 | D:1      | Reached XP level 1. HP: 10/10 MP: 2/2
   298 | D:1      | Reached XP level 2. HP: 14/14 MP: 3/3
   325 | D:1      | Reached skill level 5 in Dodging
   791 | D:1      | Reached XP level 3. HP: 14/17 MP: 4/4
  1093 | D:2      | Reached skill level 6 in Dodging
  1459 | D:2      | Found a blossoming altar of Fedhas.
  1619 | D:2      | Reached XP level 4. HP: 12/21 MP: 5/5
  2444 | D:3      | Reached skill level 7 in Dodging
  2849 | D:3      | Reached XP level 5. HP: 20/24 MP: 6/6
  3073 | D:3      | Noticed zhorgal's ghost (amateur FoFi)
  3465 | D:4      | Reached skill level 8 in Dodging
  3504 | D:4      | Found a staircase to the Ecumenical Temple.
  3539 | Temple   | Entered the Ecumenical Temple
  3771 | Temple   | Became a worshipper of Ru the Awakened
  3788 | Temple   | Gained mutation: You are somewhat inexperienced. (-2 XL) [Ru sacrifice]
  3788 | Temple   | Reached XP level 4. HP: 21/21 MP: 5/5
  3788 | Temple   | Reached XP level 3. HP: 17/17 MP: 4/4
  3788 | Temple   | Reached * piety under Ru
  3788 | Temple   | Reached ** piety under Ru
  3898 | D:4      | Found a white marble altar of Elyvilon.
  3919 | D:4      | Reached XP level 4. HP: 19/21 MP: 5/5
  4392 | D:4      | Reached skill level 9 in Dodging
  4439 | D:5      | Entered Level 5 of the Dungeon
  4439 | D:5      | Noticed a centaur
  4453 | D:4      | Killed a centaur
  4453 | D:4      | Reached XP level 5. HP: 11/24 MP: 6/6
  5034 | D:5      | HP: 1/24 [orc priest/nerve-wracking pain (14)]
  5042 | D:5      | Slain by an orc priest
  5043 | D:5      | Reached XP level 4. HP: 0/21 MP: 5/5
  5193 | D:5      | Reached XP level 5. HP: 13/24 MP: 6/6
  5443 | D:5      | Noticed a phantom
  5506 | D:6      | Found a shadowy altar of Dithmenos.
  5792 | D:6      | Reached skill level 10 in Dodging
  5885 | D:6      | Noticed a sky beast
  6041 | D:6      | Noticed a centaur
  6142 | D:6      | Killed a sky beast
  6142 | D:6      | Gained mutation: You are covered in thick fur. (AC +2) [Felid growth]
  6142 | D:6      | Reached XP level 6. HP: 16/28 MP: 7/7
  6495 | D:6      | Found a glowing golden altar of the Shining One.
  6556 | D:6      | Noticed an ice beast
  6590 | D:6      | Killed an ice beast
  6590 | D:6      | Reached skill level 5 in Unarmed Combat
  6701 | D:6      | Found a transporter.
  6733 | D:6      | Found a transporter.
  6736 | D:6      | Noticed a fire bat
  6853 | D:7      | Noticed an orc warrior
  6944 | D:7      | Reached XP level 7. HP: 31/31 MP: 8/8
  7421 | D:6      | HP: 1/31 [ogre/giant club (30)]
  7421 | D:6      | Mangled by an ogre
  7422 | D:6      | Reached XP level 6. HP: -13/28 MP: 7/7
  7422 | D:6      | Quit the game

Skill      XL: |  1  2  3  4  5  6  7 |
---------------+----------------------+-----
Dodging        | 5 6 9 10 | 10.0
Unarmed Combat | 4 5 6 |  6.3
Fighting       | |  3.0
Stealth        | |  2.6

Action                   |  1- 3 |  4- 6 |  7- 9 || total
-------------------------+-------+-------+-------++-------
Melee: Unarmed           |   162 |   372 |    21 ||   555
       Bite              |    19 |    42 |     4 ||    65
       Punch             |     4 |    10 |       ||    14
Invok: Sacrifice Experie |     1 |       |       ||     1
  Use: Scroll            |       |    11 |       ||    11
       Potion            |       |     3 |       ||     3
 Stab: Sleeping          |     8 |    14 |     1 ||    23
       Invisible         |       |     2 |       ||     2
  Eat: Chunk             |     3 |     5 |     1 ||     9
Armor: Skin              |    10 |     8 |       ||    18
Dodge: Dodged            |   179 |   286 |    15 ||   480
Block: Other             |       |    27 |     2 ||    29
